 Dungeon Crawl Stone Soup version 0.27-a0-1066-g29160eaed2 (webtiles) character file.

Game seed: 11896659445820780340

3310 nfje the Geomancer (level 10, -3/56 HPs)
             Began as a Gargoyle Earth Elementalist on Apr 24, 2021.
             Was a Believer of Vehumet.
             Slain by an orc warrior
             ... wielding a +0 trident
              (21 damage)
             ... in a bailey.
             The game lasted 00:17:02 (8712 turns).

nfje the Geomancer (Gargoyle Earth Elementalist)    Turns: 8712, Time: 00:17:05

Health: -3/56      AC: 14    Str: 14    XL:     10   Next: 1%
Magic:  2/18       EV: 12    Int: 19    God:    Vehumet [**....]
Gold:   506        SH:  0    Dex: 10    Spells: 11/20 levels left

rFire    + . .     SeeInvis +   f - +1 flail (venom)
rCold    . . .     Faith    .   (no shield)
rNeg     + . .     Spirit   .   c - +0 robe
rPois    ∞         Reflect  .   (no helmet)
rElec    +         Harm     .   (no cloak)
rCorr    .         Rampage  .   w - +1 pair of gloves
Will     .....                  a - +2 pair of boots
Stlth    ++........             (no amulet)
HPRegen  0.18/turn              y - ring of protection from fire
MPRegen  0.16/turn              s - ring of see invisible

@: no status effects
A: AC +7, negative energy resistance 1, electricity resistance, torment
resistance 1, unbreathing 1, petrification resistance, mutation resistance 1,
strong 1
a: Renounce Religion


You were in a bailey.
You worshipped Vehumet.
Vehumet was pleased with you.
You visited 2 branches of the dungeon, and saw 8 of its levels.
You also visited: Bailey.

You collected 506 gold pieces.

Inventory:

Hand Weapons
 d - a +0 short sword of venom
 f - a +1 flail of venom (weapon)
 k - a +2 morningstar of holy wrath
 m - a +1 dagger of electrocution
Missiles
 b - 109 stones
 e - 2 boomerangs of dispersal
 t - a throwing net
 u - 8 atropa-tipped darts
Armour
 a - a +2 pair of boots (worn)
 c - a +0 robe (worn)
 w - a +1 pair of gloves (worn)
Jewellery
 g - a ring of willpower
 s - a ring of see invisible (right hand)
 v - a ring of ice
 y - a ring of protection from fire (left hand)
Wands
 n - a wand of digging (6)
 p - a wand of charming (7)
Scrolls
 r - 3 scrolls of teleportation
 x - a scroll of magic mapping
Potions
 i - 6 potions of heal wounds {unknown}
 j - 6 potions of curing
 l - a potion of attraction
 o - a potion of brilliance {unknown}
 q - a potion of mutation
 z - a potion of invisibility {unknown}


   Skills:
 + Level 4.0 Fighting
 + Level 3.8 Maces & Flails
 + Level 4.1 Armour
 + Level 3.6 Dodging
 - Level 2.1 Stealth
 + Level 5.9 Spellcasting
 + Level 6.1 Conjurations
 - Level 0.7 Transmutations
 + Level 8.2 Earth Magic
 + Level 3.5 Evocations


You had 11 spell levels left.
You knew the following spells:

 Your Spells              Type           Power      Damage    Failure   Level
a - Sandblast             Erth           72%        2d16      1%          1
b - Stone Arrow           Conj/Erth      64%        3d11      1%          3
c - Lee's Rapid Deconstr  Erth           18%        3d12*     11%         5

Your spell library contained the following spells:

 Spells                   Type           Power      Damage    Failure   Level
 Foxfire                  Conj/Fire      68%        2x1d7     3%          1
 Passwall                 Tmut/Erth      18%        N/A       2%          2
 Freeze                   Ice            20%        1d4       12%         1
 Petrify                  Tmut/Erth      22%        N/A       19%         4
 Iskenderun's Battlesphe  Conj           28%        2d8       26%         5
 Hailstorm                Conj/Ice       17%        3d6       32%         4
 Frozen Ramparts          Ice            10%        1d3       34%         3
 Ozocubu's Armour         Ice            5%         N/A       34%         3
 Bolt of Magma            Conj/Fire/Erth 11%        4d7       41%         5
 Iron Shot                Conj/Erth      16%        9d4       65%         6
 Metabolic Englaciation   Hex/Ice        2%         N/A       97%         5
 Orb of Destruction       Conj           14%        9d7       100%        7
 Spellforged Servitor     Conj/Summ      8%         N/A       100%        7


Dungeon Overview and Level Annotations

Branches:
Dungeon (7/15)             Temple (1/1) D:5          Bailey (1/1)

Altars:
Ashenzari
Cheibriados
Dithmenos
Elyvilon
Gozag
Hepliaklqana
Makhleb
Nemelex Xobeh
Okawaru
Qazlal
Sif Muna
Trog
Uskayaw
Vehumet
Wu Jian
Xom
The Shining One

Shops:
D:7 (


Innate Abilities, Weirdness & Mutations

Your stone body is resilient. (AC +7)
You are immune to poison.
You resist negative energy. (rN+)
You are resistant to electric shocks. (rElec)
You are resistant to unholy torment.
You can survive without breathing.
You are immune to petrification.
You are somewhat resistant to further mutation.
Your muscles are strong. (Str +2)


Message History

You feel your power returning.
The blast of rock fragments hits the orc warrior.
The orc warrior is moderately wounded.
The blast of rock fragments hits the orc warrior but does no damage.
The orc warrior is almost dead.
The orc warrior hits you from afar with a +0 halberd!
The orc warrior hits you from afar with a +0 spear.
The orc warrior hits you from afar with a +0 trident.
Unknown command.
Unknown command.
Casting: Lee's Rapid Deconstruction (quite dangerous; 11% risk of failure)
Confirm with . or Enter, or press ? or * to list all spells.
The spell is quite dangerous to cast (11% risk of failure)!
Continue anyway?
Aiming: Lee's Rapid Deconstruction (quite dangerous; 11% risk of failure)
Press: ? - help, Dir - move target, f/p - orc warrior Fragment what (e.g. wall or brittle monster)?: an orc warrior, wielding a +0 spear and wearing a +0 chain mail (almost dead)
An open gate.
The stone door frame shatters!
The blast of rock fragments hits the orc warrior!
You kill the orc warrior!
Vehumet accepts your kill.
You feel your power returning.
The blast of rock fragments hits the orc warrior!
The orc warrior is heavily wounded.
The blast of rock fragments hits the orc warrior but does no damage.
The orc warrior is almost dead.
An orc knight comes into view. It is wielding a +0 glaive.
The orc warrior hits you from afar with a +0 halberd!
The orc warrior hits you but does no damage.
You have reached level 10!
Unknown command.
Unknown command.
Unknown command.
You feel better.
The orc knight roars a battlecry!
The orc warriors go into a battle-frenzy!
An orc knight comes into view. It is wielding a +0 glaive.
The orc warrior hits you from afar with a +0 halberd!
The orc warrior hits you from afar with a +0 trident!!
You die...

#...)...#
#..oo...#
#.)...#
##')'##
#.....#
#.....#
#.oo..#
#.....#
#..@..#
##'''##
##.....##
#.......#
#....)..#
#..)))..#
#...)...#
#.......#
##..)..##


You could see 2 orc knights and 2 orc warriors.

Vanquished Creatures
  A water moccasin (D:5)
  3 ice beasts
  A black bear (D:5)
  8 orc warriors (Bailey)
  A hornet zombie (D:6)
  2 sky beasts
  2 necrophages (D:5)
  4 ogres
  A phantom (D:6)
  A kobold brigand (D:5)
  A scorpion (D:4)
  2 bullfrogs
  A gnoll sergeant (D:7)
  2 hounds (D:5)
  A centaur skeleton (D:5)
  2 jellies (D:5)
  2 bullfrog skeletons
  3 orc priests
  4 iguanas
  4 orc wizards
  A howler monkey zombie (D:5)
  13 adders
  9 gnolls
  4 shadow imps
  An ufetubus (D:5)
  2 adder skeletons (D:4)
  A worm (D:3)
  2 dart slugs
  48 orcs
  5 endoplasms
  5 giant cockroaches
  8 hobgoblins
  8 jackals
  5 quokkas
  9 ball pythons
  8 bats
  3 frilled lizards
  4 goblins
  8 kobolds
  A quokka skeleton (D:4)
  A rat (D:2)
192 creatures vanquished.

Vanquished Creatures (others)
  5 plants (D:2)
5 creatures vanquished.

Grand Total: 197 creatures vanquished

Notes
Turn   | Place    | Note
-------+----------+-------------------------------------------
     0 | D:1      | nfje the Gargoyle Earth Elementalist began the quest for
                  | the Orb.
     0 | D:1      | Reached XP level 1. HP: 10/10 MP: 3/3
   443 | D:1      | Reached XP level 2. HP: 15/15 MP: 0/5
   507 | D:1      | Reached skill level 4 in Earth Magic
  1501 | D:2      | Reached XP level 3. HP: 19/19 MP: 4/7
  1558 | D:2      | Learned a level 3 spell: Stone Arrow
  1913 | D:2      | Noticed a bullfrog
  1918 | D:2      | Killed a bullfrog
  1919 | D:2      | Reached skill level 1 in Conjurations
  1919 | D:2      | Reached skill level 5 in Earth Magic
  1919 | D:2      | Reached XP level 4. HP: 17/24 MP: 4/8
  1921 | D:2      | Reached XP level 5. HP: 20/28 MP: 3/9
  1927 | D:2      | Learned a level 5 spell: Lee's Rapid Deconstruction
  2572 | D:3      | Found a transporter.
  2854 | D:3      | Found a faded altar of an unknown god.
  3687 | D:3      | Noticed a sky beast
  3695 | D:3      | Reached XP level 6. HP: 32/32 MP: 6/11
  3711 | D:3      | Killed a sky beast
  3712 | D:3      | Reached skill level 6 in Earth Magic
  3862 | D:3      | Found a transporter.
  4486 | D:4      | Reached XP level 7. HP: 33/36 MP: 13/13
  4949 | D:4      | Gained mutation: Your muscles are strong. (Str +2) [potion
                  | of mutation]
  4949 | D:4      | Gained mutation: You are somewhat resistant to further
                  | mutation. [potion of mutation]
  5069 | D:4      | Found a shadowy altar of Dithmenos.
  5423 | D:5      | Entered Level 5 of the Dungeon
  5675 | D:5      | Reached skill level 1 in Fighting
  5675 | D:5      | Reached skill level 1 in Maces & Flails
  5675 | D:5      | Reached skill level 1 in Armour
  5682 | D:5      | Reached XP level 8. HP: 43/43 MP: 5/15
  5695 | D:5      | Reached skill level 1 in Evocations
  5771 | D:5      | Found a staircase to the Ecumenical Temple.
  5836 | Temple   | Entered the Ecumenical Temple
  6022 | Temple   | Became a worshipper of Vehumet
  6076 | D:5      | Reached skill level 7 in Earth Magic
  6077 | D:5      | Reached skill level 5 in Spellcasting
  6475 | D:5      | Reached skill level 5 in Conjurations
  6683 | D:5      | Reached XP level 9. HP: 43/49 MP: 15/17
  7089 | D:6      | Reached * piety under Vehumet
  7089 | D:6      | Offered knowledge of Magic Dart by Vehumet.
  7108 | D:6      | Identified the +0 helmet of Calculation {Harm rC+ Int+4}
  7188 | D:6      | Noticed Edmund
  7894 | D:7      | Found Zesento's Weapon Boutique.
  7993 | D:7      | Found a flagged portal.
  8002 | Bailey   | Entered a bailey
  8412 | Bailey   | Reached ** piety under Vehumet
  8413 | Bailey   | Reached skill level 8 in Earth Magic
  8426 | Bailey   | Offered knowledge of Foxfire by Vehumet.
  8691 | Bailey   | Identified a scroll of acquirement
  8691 | Bailey   | Acquired a book of Power
  8708 | Bailey   | Noticed an orc knight
  8709 | Bailey   | Reached XP level 10. HP: 28/56 MP: 1/18
  8712 | Bailey   | Noticed an orc knight
  8712 | Bailey   | Slain by an orc warrior

Illustrated notes

Levels and vault maps discovered:
D:1:      amcnicky_arrival_feature_with_door, layout_loops_ring
D:2:      layout_rooms, chequers_big_river
D:3:      gammafunk_wand_slinger, layout_basic,
          shapermc_ecumenical_altar_mp_urbaneastern, minmay_divided_ellipse
D:4:      layout_cave_pools, nicolae_dithmenos_the_darkroom
D:5:      minmay_chambers_of_threes, layout_rooms, minmay_temple_entry_hall,
          nrook_loot_triangle
D:6:      layout_basic, hangedman_decor_peaks_small, small_statue_intersection,
          minmay_holes, uniq_edmund
D:7:      minmay_recursive_quarters, layout_rooms, enter_bailey_8, serial_shops,
          kennysheep_mini_moat, shop, shop, nicolae_shop_waterfront
Temple:   eino_temple_scatter_basement
Bailey:   bailey_polearm_5, bailey

Skill      XL: |  1  2  3  4  5  6  7  8  9 |
---------------+----------------------------+-----
Earth Magic    | 4 5 6 7 8 |  8.2
Spellcasting   | 3 4 5 |  5.9
Conjurations   | 1 2 3 4 5 6 |  6.1
Fighting       | 1 2 4 |  4.0
Maces & Flails | 1 2 3 |  3.8
Armour         | 1 2 4 |  4.1
Dodging        | 2 3 |  3.6
Evocations     | 2 3 |  3.5
Stealth        | |  2.1
Transmutations | |  0.7

Action                   |  1- 3 |  4- 6 |  7- 9 | 10-12 || total
-------------------------+-------+-------+-------+-------++-------
Melee: Unarmed           |     7 |       |       |       ||     7
       Short sword       |    59 |   100 |    79 |       ||   238
       Dagger            |       |     3 |       |       ||     3
       Flail             |       |       |   140 |       ||   140
 Cast: Sandblast         |    34 |    17 |    64 |       ||   115
       Stone Arrow       |       |     8 |     6 |       ||    14
       Lee's Rapid Decon |       |       |    15 |       ||    15
Evoke: Wand              |       |       |     6 |       ||     6
  Use: Scroll            |       |     8 |    12 |       ||    20
       Potion            |       |       |     2 |     1 ||     3
 Stab: Sleeping          |       |     3 |       |       ||     3
Armor: Robe              |    28 |    63 |   135 |       ||   226
Dodge: Dodged            |    60 |    90 |   158 |       ||   308

Table legend: (Time is in decaauts)
 A = Elapsed time spent in this place.
 B = Non-inter-level travel time spent in this place.
 C = Inter-level travel time spent in this place.
 D = Time resting spent in this place.
 E = Time spent auto-exploring this place.
 F = Levels seen in this place.
 G = Mean time per level.
                   A        B        C        D        E       F      G
               +--------+--------+--------+--------+--------+-----+--------+
         Total |   8787 |   8477 |    310 |   1323 |   5621 |   9 |  976.3 |
       Dungeon |   7876 |   7608 |    268 |    762 |   5462 |   7 | 1125.1 |
        Temple |    199 |    158 |     41 |      0 |    157 |   1 |  199.0 |
        Bailey |    711 |    711 |      0 |    561 |      2 |   1 |  711.0 |
               +--------+--------+--------+--------+--------+-----+--------+

Top non-repeatable levels by time:
     D:3: 2129 daAuts
     D:1: 1485 daAuts
     D:5: 1282 daAuts
     D:6: 1024 daAuts
     D:2: 922 daAuts
     D:4: 919 daAuts
  Bailey: 711 daAuts
  Temple: 199 daAuts
     D:7: 113 daAuts
